 Dungeon Crawl Stone Soup version 0.22.1-6-g1668fe2c40 (webtiles) character file.

69 Kohma the Vexing (level 4, -11/21 HPs)
             Began as a Vine Stalker Enchanter on Jan 21, 2019.
             Mangled by an ogre
             ... wielding a +0 giant spiked club
              (16 damage)
             ... on level 4 of the Dungeon.
             The game lasted 00:04:41 (1659 turns).

Kohma the Vexing (Vine Stalker Enchanter)           Turns: 1659, Time: 00:04:42

Health: -11/21     AC:  3    Str: 10    XL:     4   Next: 20%
Magic:  0/9        EV: 12    Int: 15    God:
Gold:   93         SH:  0    Dex: 16    Spells: 5/8 levels left

rFire    . . .     SeeInvis .   a - +1 dagger
rCold    . . .     Gourm    .   (no shield)
rNeg     . . .     Faith    .   b - +0 robe
rPois    .         Spirit   +   i - +0 helmet
rElec    .         Reflect  .   q - scarf {cloud immunity}
rCorr    .         Harm     .   (no gloves)
MR       .....                  (no boots)
Stlth    +++.......             (no amulet)
HPRegen  0.47/turn              (no ring)
MPRegen  0.11/turn              (no ring)

@: no status effects
A: fangs 2, regeneration 1, magic shield, antimagic bite, no potion heal 3, rot
immunity
a: no special abilities


You were on level 4 of the Dungeon.
You were hungry.

You visited 1 branch of the dungeon, and saw 3 of its levels.

You collected 93 gold pieces.

Inventory:

Hand Weapons
 a - a +1 dagger (weapon)
Missiles
 g - 6 needles of paralysis
 k - a poisoned needle
 l - 5 stones (quivered)
Armour
 b - a +0 robe (worn)
 i - a +0 helmet (worn)
 q - a scarf of cloud immunity (worn)
Scrolls
 j - 2 scrolls of teleportation {unknown}
 m - a scroll of remove curse {unknown}
 n - a scroll of blinking {unknown}
Potions
 c - a potion of heal wounds {unknown}
 e - a potion of invisibility {unknown}
 f - 5 potions of curing {unknown}
 h - 2 potions of flight {unknown}
 o - a potion of degeneration {unknown}
Comestibles
 d - 4 rations
 p - 6 chunks of flesh


   Skills:
 + Level 1.8 Short Blades
 - Level 1.5 Dodging
 - Level 3.6 Stealth
 + Level 2.9 Spellcasting
 * Level 3.8 Hexes
 + Level 1.0 Ice Magic


You had 5 spell levels left.
You knew the following spells:

 Your Spells              Type           Power        Failure   Level  Hunger
a - Corona                Hex            ##.....      4%          1    #......
b - Ensorcelled Hibernat  Hex/Ice        #.....       11%         2    ##.....

Your spell library contained the following spells:

 Spells                   Type           Power        Failure   Level  Hunger
 Confuse                  Hex            ##......     13%         3    ###....
 Tukima's Dance           Hex            ##......     13%         3    ###....
 Dazzling Spray           Conj/Hex       #.....       28%         3    ###....


Dungeon Overview and Level Annotations

Branches:
Dungeon (2/15)

Altars:


Innate Abilities, Weirdness & Mutations

You have extremely sharp teeth.
Your natural rate of healing is unusually fast.
When hurt, damage is shared between your health and your magic reserves.
Your bite disrupts and absorbs the magic of your enemies.
Potions cannot restore your health.
You are immune to rotting.


Message History

The ogre resists with some effort.
The ogre hits you with a giant spiked club.
Casting: Ensorcelled Hibernation (safe; 11% risk of failure)
Confirm with . or Enter, or press ? or * to list all spells.
Aiming: Ensorcelled Hibernation (safe; 11% risk of failure)
Press: ? - help, Shift-Dir - straight line, f/p - ogre
Aim: an ogre, wielding a giant spiked club (chance to defeat MR: 40%)
The ogre looks drowsy...
The phantom hits you!
The helpless ogre fails to defend itself.
You impale the ogre!! You bite the ogre, but do no damage.
The ogre is severely wounded.
The phantom hits you.
* * * LOW HITPOINT WARNING * * *
The ogre barely misses you.
You hit the ogre. You bite the ogre. You drain its power.
You feel invigorated.
The ogre is almost dead.
The phantom hits you.
The ogre hits you with a giant spiked club!!
Ouch! That really hurt!
You die...

.......#.######
..............#
..............#
..............#
..............#
#######.......#
##.[.....#
.........W.#
........$O@##
#...........#
#######.....#
#.....# #.....#
#######


You could see a phantom and an ogre.

Vanquished Creatures
  Natasha (D:2)
  An adder (D:2)
  A worm (D:2)
  4 giant cockroaches
  7 goblins
  4 hobgoblins
  3 jackals (D:1)
  3 kobolds
  A ball python (D:2)
  2 bats
  2 frilled lizards (D:2)
  2 rats
31 creatures vanquished.

Notes
Turn   | Place    | Note
-------+----------+-------------------------------------------
     0 | D:1      | Kohma the Vine Stalker Enchanter began the quest for the
                  | Orb.
     0 | D:1      | Reached XP level 1. HP: 9/9 MP: 4/4
   119 | D:1      | Reached skill level 1 in Short Blades
   366 | D:1      | Reached XP level 2. HP: 4/13 MP: 3/6
   931 | D:1      | Learned a level 2 spell: Ensorcelled Hibernation
  1136 | D:2      | Reached XP level 3. HP: 10/16 MP: 5/8
  1448 | D:2      | Noticed Natasha
  1455 | D:2      | Killed Natasha
  1455 | D:2      | Reached skill level 1 in Ice Magic
  1455 | D:2      | Gained mutation: Your natural rate of healing is unusually
                  | fast. [Vine Stalker growth]
  1455 | D:2      | Reached XP level 4. HP: 16/21 MP: 2/9
  1646 | D:2      | You fall through a shaft for 2 floors!
  1646 | D:4      | Noticed an ogre
  1648 | D:4      | Noticed a phantom
  1659 | D:4      | Mangled by an ogre

Skill      XL: |  1  2  3 |
---------------+----------+-----
Short Blades   | 1 |  1.8
Ice Magic      | 1 |  1.0
Dodging        | |  1.5
Stealth        | |  3.6
Spellcasting   | |  2.9
Hexes          | |  3.8

Action                   |  1- 3 |  4- 6 || total
-------------------------+-------+-------++-------
Melee: Dagger            |    92 |    11 ||   103
       Bite              |    18 |     4 ||    22
 Cast: Ensorcelled Hiber |     1 |     4 ||     5
 Stab: Sleeping          |     7 |     3 ||    10
  Eat: Chunk             |     2 |       ||     2
Armor: Robe              |    14 |     1 ||    15
Dodge: Dodged            |    46 |     7 ||    53
